 Dungeon Crawl Stone Soup version 0.21-b1-23-g1fb0a74c36 (console) character file.

5793 Kloppie the Carver (level 10, -17/94 HPs)
             Began as a Minotaur Berserker on Jan 6, 2018.
             Was a High Priest of Trog.
             Killed from afar by Fannar (28 damage)
             ... with a bolt of cold
             ... on level 10 of the Dungeon.
             The game lasted 00:12:59 (9180 turns).

Kloppie the Carver (Minotaur Berserker)             Turns: 9180, Time: 00:13:00

Health: -17/94     AC: 17    Str: 24    XL:     10   Next: 50%
Magic:  1/9        EV:  7    Int:  4    God:    Trog [*****.]
Gold:   541        SH:  7    Dex: 11    Spells: 9/9 levels left

rFire    + . .     SeeInvis .   a - +1 falchion
rCold    . . .     Gourm    .   G - +0 buckler
rNeg     . . .     Faith    .   b - +0 plate armour {rF+}
rPois    .         Spirit   .   (helmet restricted)
rElec    .         Reflect  +   (no cloak)
rCorr    .         Harm     .   y - +0 pair of gloves (curse)
MR       +....                  (no boots)
Stlth    ..........             H - +4 amulet of reflection
HPRegen  0.25/turn              x - +2 ring of protection
MPRegen  0.11/turn              m - ring of protection from magic

@: no status effects
A: retaliatory headbutt, horns 2
a: Berserk, Trog's Hand, Brothers in Arms, Burn Spellbooks, Renounce Religion


You were on level 10 of the Dungeon.
You worshipped Trog.
Trog was extremely pleased with you.
You were not hungry.

You visited 1 branch of the dungeon, and saw 10 of its levels.
You also visited: Ossuary.

You collected 616 gold pieces.
You spent 75 gold pieces at shops.

Inventory:

Hand Weapons
 a - a +1 falchion (weapon)
Armour
 b - a +0 plate armour of fire resistance (worn)
 y - a cursed +0 pair of gloves (worn)
 G - a +0 buckler (worn)
Jewellery
 e - an uncursed ring of ice {unknown}
 m - a ring of protection from magic (right hand)
 v - an uncursed ring of see invisible
 x - a +2 ring of protection (left hand)
 F - an uncursed amulet of the gourmand
 H - a +4 amulet of reflection (around neck)
Wands
 h - a wand of digging (5)
 j - a wand of disintegration (12)
 C - a wand of iceblast (7)
Scrolls
 f - 2 scrolls of fear
 i - 2 scrolls of enchant armour
 k - 2 scrolls of blinking
 l - 2 scrolls of magic mapping
 o - 9 scrolls of teleportation
 q - a scroll of enchant weapon
 D - a scroll of remove curse
Potions
 g - a potion of magic
 n - a potion of resistance
 p - 4 potions of heal wounds
 r - a potion of might
 s - 4 potions of berserk rage
 t - a potion of haste
 u - a potion of lignification
 w - 2 potions of curing
 z - 2 potions of flight {unknown}
 A - 2 potions of brilliance {unknown}
Books
 d - a book of Minor Magic

   Spells                             Type                      Level
   a - Magic Dart                     Conjuration                  1
   b - Blink                          Translocation                2
   c - Call Imp                       Summoning                    2
   d - Slow                           Hexes                        2
   e - Conjure Flame                  Conjuration/Fire             3
   f - Mephitic Cloud                 Conjuration/Poison/Air       3
   Trog disapproves of the use of such an item.
Comestibles
 c - 12 rations


   Skills:
 + Level 10.6 Fighting
 + Level 13.3 Long Blades
 - Level 9.3 Armour
 - Level 2.1 Dodging


You had 9 spell levels left.
You didn't know any spells.

Dungeon Overview and Level Annotations

Branches:
Dungeon (10/15)            Temple (0/1) D:6
   Lair: D:8-11         Orc: D:9-12

Altars:
Dithmenos
Qazlal
The Shining One

Shops:
D:6 *

Annotations:
D:10 Fannar


Innate Abilities, Weirdness & Mutations

You reflexively headbutt those who attack you in melee.
You have a pair of horns on your head.


Message History

You hit the ice beast.
The ice beast is lightly wounded.
Fannar gestures at you while chanting.
The bolt of cold hits the ice beast.
The ice beast completely resists.
The bolt of cold hits you!
* * * LOW HITPOINT WARNING * * *
You hit the ice beast.
The ice beast is heavily wounded.
The ice beast hits you but does no damage.
You eat one of the 13 rations.
That ration really hit the spot!
You recover from your berserk rage.
The ice beast hits you.
* * * LOW HITPOINT WARNING * * *
The ice beast freezes you!
* * * LOW HITPOINT WARNING * * *
Fannar glares icily.
Fannar casts a spell at you.
The bolt of cold hits the ice beast.
The ice beast completely resists.
The bolt of cold hits you!
You die...

#.# #.# #.# #.#
#y#####.#
#..y..))#######
#######oe......
#Y####### #@#
#.# #.#
#######.#
#.......#######
#######........
#.####### #.#
#.#


You could see Fannar, an ice beast and an orc priest.

Vanquished Creatures
  Grinder (D:5)
  Prince Ribbit (D:8)
  The ghost of Ykky the Skirmisher, an amateur DsMo (D:4)
  A vampire mosquito (D:10)
  2 hungry ghosts
  A water moccasin (D:9)
  An ice beast (D:8)
  A sky beast (D:6)
  3 orc warriors
  A phantom (D:8)
  An eye of draining (D:10)
  4 ogres
  8 centaurs
  A crocodile (D:9)
  A big kobold (D:7)
  An elf zombie (Ossuary)
  2 bullfrogs
  3 scorpions
  16 killer bees
  2 electric eels (D:9)
  3 howler monkeys (D:8)
  3 crimson imps
  2 jellies
  A quasit (D:10)
  2 bullfrog zombies
  4 hounds
  9 orc wizards
  2 centaur zombies
  5 orc priests
  2 bullfrog skeletons (D:9)
  2 centaur skeletons
  3 iguanas
  8 worker ants
  3 big kobold zombies (Ossuary)
  A hound zombie (D:6)
  2 mummies (Ossuary)
  A worker ant zombie (D:8)
  4 gnolls (D:7)
  4 adders
  A shadow imp (D:9)
  An ooze (D:1)
  2 adder zombies (Ossuary)
  An adder skeleton (D:4)
  2 worms (D:2)
  3 dart slugs
  7 leopard geckos
  40 orcs
  A ball python (D:7)
  7 bats
  3 giant cockroaches
  5 goblins
  7 hobgoblins
  8 jackals
  8 kobolds
  2 quokkas
  3 frilled lizards
  A goblin zombie (Ossuary)
  8 hobgoblin zombies (Ossuary)
  A jackal zombie (Ossuary)
  10 kobold zombies (Ossuary)
  9 orc zombies (Ossuary)
  A quokka skeleton (D:6)
  3 rats
  A rat zombie (Ossuary)
248 creatures vanquished.

Vanquished Creatures (others)
  A centaur skeleton (D:10)
1 creature vanquished.

Grand Total: 249 creatures vanquished

Notes
Turn   | Place    | Note
-------+----------+-------------------------------------------
     0 | D:1      | Kloppie the Minotaur Berserker began the quest for the Orb.
     0 | D:1      | Reached XP level 1. HP: 19/19 MP: 0/0
   491 | D:1      | Reached skill level 4 in Long Blades
   495 | D:1      | Reached XP level 2. HP: 27/27 MP: 1/1
   656 | D:2      | Reached XP level 3. HP: 34/34 MP: 2/2
   770 | D:2      | Found a stormy altar of Qazlal.
  1072 | D:2      | Found a glowing golden altar of the Shining One.
  1236 | D:3      | Reached ** piety under Trog
  1237 | D:3      | Found a shadowy altar of Dithmenos.
  1368 | D:3      | Reached skill level 5 in Fighting
  1368 | D:3      | Reached XP level 4. HP: 37/42 MP: 3/3
  1468 | D:3      | Reached skill level 5 in Long Blades
  1918 | D:3      | Reached XP level 5. HP: 18/49 MP: 4/4
  2343 | D:4      | Noticed Ykky's ghost (amateur DsMo)
  2361 | D:4      | Killed Ykky's ghost
  2361 | D:4      | Reached skill level 6 in Long Blades
  2361 | D:4      | Reached XP level 6. HP: 58/58 MP: 5/5
  2694 | D:4      | Reached *** piety under Trog
  2894 | D:4      | Reached skill level 7 in Long Blades
  2987 | D:4      | Reached XP level 7. HP: 36/64 MP: 6/6
  3339 | D:5      | Entered Level 5 of the Dungeon
  3817 | D:5      | Noticed Grinder
  3824 | D:5      | Killed Grinder
  3824 | D:5      | Reached skill level 8 in Long Blades
  3824 | D:5      | Reached skill level 5 in Armour
  4455 | D:6      | Reached XP level 8. HP: 62/71 MP: 7/7
  4558 | D:6      | Reached skill level 9 in Long Blades
  4746 | D:6      | Found a staircase to the Ecumenical Temple.
  4787 | D:6      | Found Kouti's General Store.
  4790 | D:6      | Bought a scroll of identify for 30 gold pieces
  4790 | D:6      | Bought a scroll of teleportation for 45 gold pieces
  5169 | D:7      | Reached skill level 10 in Long Blades
  5175 | D:7      | Reached **** piety under Trog
  5507 | D:7      | Reached XP level 9. HP: 45/78 MP: 8/8
  5858 | D:7      | Reached skill level 11 in Long Blades
  6523 | D:8      | Found a sand-covered staircase.
  6537 | Ossuary  | Entered an ossuary
  6681 | Ossuary  | Reached ***** piety under Trog
  7107 | D:8      | Noticed Prince Ribbit
  7119 | D:8      | Killed Prince Ribbit
  7119 | D:8      | Reached skill level 12 in Long Blades
  7829 | D:9      | Reached XP level 10. HP: 68/91 MP: 9/9
  8640 | D:9      | Reached skill level 10 in Fighting
  9051 | D:10     | Entered Level 10 of the Dungeon
  9097 | D:10     | Reached skill level 13 in Long Blades
  9100 | D:10     | Noticed Fannar
  9180 | D:10     | Killed from afar by Fannar

Skill      XL: |  1  2  3  4  5  6  7  8  9 10 |
---------------+-------------------------------+-----
Fighting       | 4 5 6 9 10 | 10.6
Long Blades    | 4 5 6 7 8 10 12 13 | 13.3
Armour         | 3 5 8 9 |  9.3
Dodging        | |  2.1

Action                   |  1- 3 |  4- 6 |  7- 9 | 10-12 || total
-------------------------+-------+-------+-------+-------++-------
Melee: Falchion          |    78 |   124 |   379 |   206 ||   787
       Headbutt          |     9 |    30 |   102 |    46 ||   187
Invok: Berserk           |       |     2 |     5 |     3 ||    10
       Trog's Hand       |       |     1 |     1 |     2 ||     4
  Use: Scroll            |       |       |    22 |       ||    22
  Eat: Chunk             |     1 |     8 |    14 |     6 ||    29
       Ration            |       |       |     2 |     2 ||     4
Armor: Chain mail        |    32 |    80 |    54 |       ||   166
       Animal skin       |     1 |       |       |       ||     1
       Plate armour      |       |       |   169 |    80 ||   249
Dodge: Dodged            |    39 |    55 |   145 |    54 ||   293
Block: Other             |       |       |    11 |       ||    11
       Reflection        |       |       |     4 |       ||     4
       Buckler           |       |       |    32 |    51 ||    83
       Rpst.: Falchion   |    10 |    13 |    46 |    16 ||    85
